 Dungeon Crawl Stone Soup version 0.21.0 (webtiles) character file.

460 Manul the Shooter (level 7, 0/35 HPs)
             Began as a Vine Stalker Hunter on Jan 7, 2018.
             Succumbed to turnburgler's ghost's poison
             ... on level 3 of the Dungeon.
             The game lasted 00:05:03 (3406 turns).

Manul the Shooter (Vine Stalker Hunter)             Turns: 3406, Time: 00:05:04

Health: 0/35       AC:  6    Str: 14    XL:     7   Next: 7%
Magic:  3/8        EV: 12    Int: 11    God:
Gold:   175        SH:  0    Dex: 20    Spells: 6/6 levels left

rFire    . . .     SeeInvis .   n - +0 rapier
rCold    . . .     Gourm    .   (no shield)
rNeg     . . .     Faith    .   l - +0 ring mail
rPois    .         Spirit   +   q - +0 helmet
rElec    .         Reflect  .   (no cloak)
rCorr    .         Harm     .   (no gloves)
MR       .....                  (no boots)
Stlth    ++........             (no amulet)
HPRegen  0.51/turn              h - +3 ring of dexterity
MPRegen  0.11/turn              e - ring of wizardry

@: lethally poisoned (0 -> -14), flying
A: fangs 2, regeneration 1, magic shield, antimagic bite, no potion heal 3, rot
immunity
a: no special abilities


You were on level 3 of the Dungeon.
You were not hungry.

You visited 1 branch of the dungeon, and saw 4 of its levels.

You collected 175 gold pieces.

Inventory:

Hand Weapons
 a - a +1 shortbow
 b - a +0 short sword
 n - a +0 rapier (weapon)
Missiles
 d - 16 arrows
Armour
 c - a +0 leather armour
 l - a +0 ring mail (worn)
 q - a +0 helmet (worn)
Jewellery
 e - a ring of wizardry (right hand)
 h - a +3 ring of dexterity (left hand)
Wands
 k - a wand of random effects (25)
Scrolls
 g - a scroll of remove curse
 j - a scroll of identify {unknown}
 o - a scroll of magic mapping
 p - a scroll of fear {unknown}
 r - a scroll of enchant weapon {unknown}
 s - a scroll of immolation {unknown}
Comestibles
 f - 6 rations


   Skills:
 + Level 2.9 Fighting
 - Level 1.2 Short Blades
 + Level 5.1 Bows
 + Level 2.9 Armour
 + Level 2.6 Dodging
 + Level 2.5 Stealth


You had 6 spell levels left.
You didn't know any spells.

Dungeon Overview and Level Annotations

Branches:
Dungeon (4/15)
 Temple: D:4-7

Altars:
Qazlal

Annotations:
D:3 Manul's ghost, amateur VSHu
D:4 turnburgler's ghost, amateur TeGl


Innate Abilities, Weirdness & Mutations

You have extremely sharp teeth.
Your natural rate of healing is unusually fast.
When hurt, damage is shared between your health and your magic reserves.
Your bite disrupts and absorbs the magic of your enemies.
Potions cannot restore your health.
You are immune to rotting.


Message History

Turnburgler's ghost is severely damaged.
You feel sick. Turnburgler's ghost hits you.
You are lethally poisoned!
You feel sick. Turnburgler's ghost hits you.
* * * LOW HITPOINT WARNING * * *
You are more poisoned.
You climb upwards.
The ghost fades into the shadows.
Turnburgler's ghost disappears!
Level annotation: Manul's ghost, amateur VSHu
* * * LOW HITPOINT WARNING * * *
You feel very sick.
There is a stone staircase leading down here.
It was a potion of flight.
You feel very buoyant.
You fly up into the air.
* * * LOW HITPOINT WARNING * * *
You feel very sick.
* * * LOW HITPOINT WARNING * * *
You feel sick.
You die...

#### #########
#... #.......#
#.## #.#####.#
#.## ##
#.#####.#####
#.## .#
#...........#
#... .#
##.#...#.###.#
#..# .#
##........# #@#
#>.#
.###.........#
#.# #..#
..........##.#
#># #...
.......##.##.#
#.# ##.#
....#........#
#.# #.#
....#####'####
#.####### #.#
....# ##...##
#.......# #.#
....###.....##
#######.# #.#
#.####.......##
##.##.# #####.#


There were no monsters in sight!

Vanquished Creatures
  An ogre (D:4)
  2 orc wizards (D:3)
  Jessica (D:3)
  An iguana (D:4)
  Natasha (thrice) (D:3)
  A worker ant (D:4)
  A gnoll (D:1)
  6 adders
  2 oozes
  2 dart slugs (D:1)
  4 leopard geckos (D:3)
  7 orcs
  3 giant cockroaches
  7 goblins
  11 hobgoblins
  11 jackals
  2 ball pythons
  8 bats
  6 frilled lizards
  5 kobolds
  8 rats
92 creatures vanquished.

Notes
Turn   | Place    | Note
-------+----------+-------------------------------------------
     0 | D:1      | Manul the Vine Stalker Hunter began the quest for the Orb.
     0 | D:1      | Reached XP level 1. HP: 11/11 MP: 2/2
    90 | D:1      | Reached skill level 4 in Bows
    90 | D:1      | Reached XP level 2. HP: 15/15 MP: 3/3
   194 | D:1      | Reached XP level 3. HP: 5/18 MP: 1/4
  1193 | D:2      | Found a stormy altar of Qazlal.
  1236 | D:2      | Noticed Natasha
  1295 | D:1      | Gained mutation: Your natural rate of healing is unusually fast. [Vine Stalker growth]
  1295 | D:1      | Reached XP level 4. HP: 12/23 MP: 3/5
  1417 | D:2      | Reached skill level 1 in Armour
  1978 | D:3      | Killed Natasha
  1978 | D:3      | Reached XP level 5. HP: 18/26 MP: 3/6
  2110 | D:3      | Reached skill level 1 in Short Blades
  2412 | D:3      | Noticed Manul's ghost (amateur VSHu)
  2493 | D:3      | Noticed Natasha
  2502 | D:3      | Killed Natasha
  2576 | D:3      | Reached XP level 6. HP: 31/31 MP: 7/7
  2696 | D:3      | Noticed Natasha
  2704 | D:3      | Killed Natasha
  2722 | D:3      | Noticed Jessica
  2933 | D:3      | Killed Jessica
  3370 | D:4      | Noticed turnburgler's ghost (amateur TeGl)
  3373 | D:4      | Reached XP level 7. HP: 35/35 MP: 8/8
  3390 | D:4      | Reached skill level 5 in Bows
  3405 | D:3      | HP: 1/35 [poisoned by turnburgler's ghost]
  3406 | D:3      | Succumbed to turnburgler's ghost's poison

Skill      XL: |  1  2  3  4  5  6  7 |
---------------+----------------------+-----
Bows           | 4 5 |  5.1
Fighting       | 2 |  2.9
Armour         | 1 2 |  2.9
Dodging        | 2 |  2.6
Short Blades   | 1 |  1.2
Stealth        | 2 |  2.5

Action                   |  1- 3 |  4- 6 |  7- 9 || total
-------------------------+-------+-------+-------++-------
Melee: Short sword       |    45 |   160 |       ||   205
       Bite              |    14 |    61 |     3 ||    78
       Rapier            |       |    48 |     8 ||    56
 Fire: Shortbow          |    36 |    37 |    10 ||    83
Evoke: Wand              |       |     1 |       ||     1
  Use: Potion            |     3 |       |     1 ||     4
       Scroll            |       |     4 |       ||     4
 Stab: Sleeping          |     2 |     3 |       ||     5
  Eat: Chunk             |     1 |     7 |       ||     8
Armor: Ring mail         |    14 |   101 |     1 ||   116
       Leather armour    |     3 |       |       ||     3
Dodge: Dodged            |    47 |   143 |    14 ||   204
